 Dungeon Crawl Stone Soup version 0.28.0 (webtiles) character file.

Game seed: 10637591763139433763

20053 growler the Stormcaller (level 12, -7/77 HPs)
             Began as a Tengu Air Elementalist on Feb 7, 2022.
             Was an Elder of Vehumet.
             Killed from afar by a rime drake (27 damage)
             ... with a flash freeze
             ... on level 2 of the Lair of Beasts.
             The game lasted 00:43:40 (17960 turns).

growler the Stormcaller (Tengu Air Elementalist)   Turns: 17960, Time: 00:43:41

Health: -7/77      AC:  8    Str: 10    XL:     12   Next: 75%
Magic:  1/23       EV: 29    Int: 20    God:    Vehumet [****..]
Gold:   862        SH:  0    Dex: 22    Spells: 15/25 levels left

rFire   . . .      SeeInvis .   p - +3 dagger (venom)
rCold   . . .      Faith    .   (no shield)
rNeg    . . .      Spirit   .   a - +0 robe
rPois   .          Reflect  .   (helmet restricted)
rElec   +          Harm     .   o - +0 cloak
rCorr   .          Rampage  .   E - +0 pair of gloves
Will    .....                   (boots unavailable)
Stlth   ++........              k - amulet of the acrobat
HPRegen 0.22/turn               r - ring "Gypottan" {rElec AC+4 Dex+8}
MPRegen 0.18/turn               F - +4 ring of evasion

@: flying quickly and evasively, quick
A: beak, talons 3, nimble flight
a: Renounce Religion


You were on level 2 of the Lair of Beasts.
You worshipped Vehumet.
Vehumet was greatly pleased with you.
You visited 3 branches of the dungeon, and saw 14 of its levels.

You collected 862 gold pieces.

Inventory:

Hand Weapons
 p - a +3 dagger of venom (weapon)
   (You took it off a goblin on level 4 of the Dungeon)
 I - the +4 morningstar of Unpleasantness {distort, rF+}
   (You found it on level 10 of the Dungeon)

   It warps and distorts space around it, and may blink, banish, or inflict
   extra damage upon those it strikes.
   Unwielding it can cause banishment or high damage.
   rF:        It protects you from fire.
Missiles
 D - a throwing net {!f}
Armour
 a - a +0 robe (worn)
 o - a +0 cloak (worn)
   (You found it on level 6 of the Dungeon)
 E - a +0 pair of gloves (worn)
   (You found it on level 10 of the Dungeon)
Jewellery
 k - an amulet of the acrobat (around neck)
   (You found it on level 3 of the Dungeon)
 l - a ring of poison resistance
   (You found it on level 3 of the Dungeon)
 r - a ring "Gypottan" (left hand) {rElec AC+4 Dex+8}
   (You found it on level 4 of the Dungeon)

   [ring of protection]

   AC:        It affects your AC (+4).
   Dex:       It affects your dexterity (+8).
   rElec:     It insulates you from electricity.
 C - a +4 ring of protection
   (You found it on level 8 of the Dungeon)
 F - a +4 ring of evasion (right hand)
   (You found it on level 1 of the Dungeon)
 K - a ring of willpower
   (You found it on level 4 of the Dungeon)
 L - a ring of resist corrosion
   (You found it on level 10 of the Dungeon)
 O - a ring of wizardry
   (You found it on level 6 of the Dungeon)
Wands
 d - a wand of iceblast (5)
   (You found it on level 10 of the Dungeon)
 t - a wand of flame (7)
   (You took it off a vampire on level 11 of the Dungeon)
 u - a wand of paralysis (3)
   (You took it off Maurice on level 11 of the Dungeon)
 v - a wand of digging (6)
   (You found it on level 11 of the Dungeon)
 x - a wand of acid (4)
   (You found it on level 6 of the Dungeon)
Scrolls
 b - 2 scrolls of enchant weapon
 e - 2 scrolls of holy word {unknown}
 f - a scroll of torment {!r}
 j - 4 scrolls of blinking {unknown}
 n - a scroll of vulnerability {unknown}
 q - 4 scrolls of teleportation {@r4}
 s - a scroll of magic mapping {unknown}
 y - a scroll of summoning {unknown}
 z - a scroll of fear {unknown}
 A - a scroll of noise {unknown}
 G - 2 scrolls of identify {@r1}
 P - a scroll of immolation {unknown}
 Q - a scroll of silence {unknown}
Potions
 c - 4 potions of haste {unknown}
 g - 3 potions of curing {@q1}
 h - 2 potions of brilliance
 i - 3 potions of heal wounds {unknown}
 m - 2 potions of might
 w - a potion of degeneration {unknown}
 B - 2 potions of lignification {unknown}
 H - a potion of resistance
 J - 2 potions of invisibility {unknown}
 M - a potion of mutation {unknown}
 N - a potion of attraction {unknown}


   Skills:
 + Level 9.8 Fighting
 + Level 11.0 Dodging
 - Level 2.0 Stealth
 - Level 7.0 Spellcasting
 + Level 10.7 Conjurations
 - Level 15.0 Air Magic


You had 15 spell levels left.
You knew the following spells:

 Your Spells              Type           Power      Damage    Failure   Level
a - Shock                 Conj/Air       100%       1d9       1%          1
b - Airstrike             Air            30%        N/A       1%          4
d - Static Discharge      Conj/Air       55%        N/A       1%          2
s - Swiftness             Air            61%        N/A       1%          3

Your spell library contained the following spells:

 Spells                   Type           Power      Damage    Failure   Level
 Lightning Bolt           Conj/Air       27%        1d44      1%          5
 Corpse Rot               Necr/Air       74%        N/A       1%          2
 Freeze                   Ice            28%        1d5       2%          1
 Flame Wave               Conj/Fire      28%        2d8       3%          4
 Hailstorm                Conj/Ice       28%        3d8       3%          4
 Scorch                   Fire           14%        2d6       4%          2
 Frozen Ramparts          Ice            14%        1d3       8%          3
 Irradiate                Conj/Tmut      14%        3d18      8%          5
 Animate Skeleton         Necr           14%        N/A       10%         1
 Apportation              Tloc           14%        N/A       10%         1
 Summon Small Mammal      Summ           28%        N/A       10%         1
 Call Canine Familiar     Summ           7%         N/A       28%         3
 Portal Projectile        Hex/Tloc       14%        N/A       28%         3
 Dispel Undead            Necr           7%         3d8       67%         4
 Ice Form                 Ice/Tmut       7%         N/A       67%         4
 Leda's Liquefaction      Hex/Erth       3%         N/A       67%         4
 Summon Ice Beast         Ice/Summ       7%         N/A       67%         4
 Blade Hands              Tmut           3%         N/A       95%         5
 Summon Forest            Summ/Tloc      3%         N/A       95%         5
 Summon Mana Viper        Hex/Summ       7%         N/A       95%         5
 Death Channel            Necr           3%         N/A       100%        6
 Dispersal                Tloc           3%         N/A       100%        6
 Summon Cactus Giant      Summ           3%         N/A       100%        6
 Dragon Form              Tmut           3%         N/A       100%        7
 Disjunction              Tloc           3%         N/A       100%        8


Dungeon Overview and Level Annotations

Branches:
Dungeon (11/15)            Temple (1/1) D:4            Lair (2/6) D:9
    Orc (0/2) D:9
  Swamp: Lair:2-4    Shoals: Lair:2-4     Snake: Lair:2-4    Spider: Lair:2-4

Altars:
Ashenzari
Cheibriados
Dithmenos
Elyvilon
Fedhas
Gozag
Hepliaklqana
Kikubaaqudgha
Makhleb
Nemelex Xobeh
Qazlal
Ru
Sif Muna
Trog
Uskayaw
Vehumet
Wu Jian
Xom
Yredelemnul
Zin
The Shining One

Shops:
D:2 ?   D:6 *

Annotations:
D:10 Gastronok


Innate Abilities, Weirdness & Mutations

You have a beak for a mouth.
You have claws for feet.
Your magical nature lets you fly swiftly and evasively.


Message History

The blink frog completely misses you. The rime drake completely misses you.
You see here a polar bear corpse.
The blink frog is struck by an arc of lightning!
You kill the blink frog!
Vehumet accepts your kill.
You feel your power returning. You resist.
You are struck by an arc of lightning.
The blink frog is struck by an arc of lightning!
You resist.
You are struck by an arc of lightning.
The rime drake is struck by an arc of lightning!
The lightning grounds out.
The rime drake completely misses you. The blink frog closely misses you.
Your Dodging skill increases to level 11!
The blink frog is struck by an arc of lightning!
The blink frog is struck by an arc of lightning.
You resist.
You are struck by an arc of lightning.
The blink frog is struck by an arc of lightning!
You kill the blink frog!
Vehumet accepts your kill.
The lightning grounds out.
The blink frog completely misses you. The rime drake misses you.
The blink frog is struck by an arc of lightning!
The lightning grounds out.
The rime drake is struck by an arc of lightning!
The blink frog is struck by an arc of lightning.
You kill the blink frog!
Vehumet accepts your kill.
You feel your power returning. You resist.
You are struck by an arc of lightning.
The ice encasing you melts away. The rime drake breathes ice at you.
The flash freeze hits you!!
* * * LOW HITPOINT WARNING * * *
You are encased in ice.
Aim: a rime drake (heavily wounded, catching its breath, empty space bonus: 5/8)
The air twists around and strikes the rime drake!
The rime drake barely misses you.
Aim: a rime drake (severely wounded, catching its breath, 60% to hit)
The puff of flame hits the rime drake.
The rime drake bites you.
* * * LOW HITPOINT WARNING * * *
The rime drake closely misses you.
Aim: a rime drake (almost dead, 60% to hit)
The puff of flame hits the rime drake.
The ice encasing you melts away. The rime drake closely misses you.
Aim: a rime drake (almost dead, 60% to hit)
The puff of flame misses the rime drake.
The rime drake breathes ice at you. The flash freeze hits you!!
You die...

....#.............
#...............#. .
..........P...... ..
...............## ..#
....#...>.......### ...#
....#..........#..#....#
P...............††......
P.P.......#......#
..#.#P..P.##...#@#
#........###..P†.k......
.......................
#P#...................
###...<...............
##[..####........... ..h
..##.####..# h# ##.##.#
..#


You could see a rime drake (catching breath).

Vanquished Creatures
  Snorg (D:10)
  Harold (D:10)
  2 boulder beetles
  A hydra (Lair:1)
  3 two-headed ogres
  Pikel (D:6)
  Maurice (D:11)
  Maggie (D:8)
  Psyche (D:10)
  2 kobold demonologists (D:10)
  5 cane toads
  2 komodo dragons
  A rime drake (Lair:2)
  A troll (D:10)
  A polar bear (Lair:2)
  9 blink frogs
  A shadow (D:11)
  2 wyverns
  A vampire (D:11)
  16 yaks
  2 steam dragons (D:9)
  Grum (D:8)
  Edmund (D:5)
  A warg (D:9)
  12 water moccasins
  An ice beast (D:7)
  9 orc warriors
  3 sky beasts (D:9)
  2 black bears (D:5)
  3 wolves (D:8)
  2 ogres
  2 centaurs
  A kobold brigand (D:10)
  A bullfrog (D:8)
  2 scorpions
  A water moccasin zombie (D:5)
  A water moccasin skeleton (D:6)
  2 howler monkeys
  4 wights (D:8)
  4 centaur zombies
  A bullfrog zombie (D:6)
  A centaur skeleton (D:7)
  2 hounds (D:5)
  A jelly (D:4)
  9 orc priests
  4 iguanas
  7 orc wizards
  2 killer bee zombies (D:6)
  A hound zombie (D:5)
  2 howler monkey zombies
  4 gnolls (D:2)
  4 river rats (D:5)
  7 adders
  2 shadow imps (D:6)
  A white imp (D:6)
  An ufetubus (D:5)
  An adder skeleton (D:4)
  7 worms
  3 dart slugs
  40 orcs
  6 ball pythons
  7 endoplasms
  A giant cockroach (D:4)
  9 goblins
  9 hobgoblins
  4 jackals (D:1)
  3 quokkas
  3 bats
  3 frilled lizards (D:1)
  15 kobolds
  3 rats
271 creatures vanquished.

Vanquished Creatures (others)
  2 fungi (Lair:1)
  6 plants
8 creatures vanquished.

Grand Total: 279 creatures vanquished

Notes
Turn   | Place    | Note
-------+----------+-------------------------------------------
     0 | D:1      | growler the Tengu Air Elementalist began the quest for the
                  | Orb.
     0 | D:1      | Reached XP level 1. HP: 10/10 MP: 4/4
     1 | D:1      | Noticed an electric eel
   343 | D:1      | Reached XP level 2. HP: 15/15 MP: 3/6
   730 | D:1      | Learned a level 2 spell: Static Discharge
   822 | D:1      | Reached XP level 3. HP: 19/19 MP: 5/7
   826 | D:1      | Learned a level 3 spell: Swiftness
  1764 | D:2      | Reached XP level 4. HP: 24/24 MP: 1/9
  2036 | D:2      | Reached skill level 5 in Air Magic
  2790 | D:2      | Gained mutation: Your magical nature lets you fly swiftly
                  | and evasively. [Tengu growth]
  2790 | D:2      | Reached XP level 5. HP: 28/28 MP: 1/10
  2871 | D:2      | Found Ficryl's Magic Scroll Boutique.
  2880 | D:2      | Learned a level 4 spell: Airstrike
  3185 | D:3      | Identified the +5 great mace "Pulozouh" {vorpal, Fragile
                  | rElec rN+}
  3844 | D:4      | Reached XP level 6. HP: 32/32 MP: 8/12
  4149 | D:4      | Reached skill level 6 in Air Magic
  4696 | D:4      | Identified a ring "Gypottan" {rElec AC+4 Dex+8}
  4719 | D:4      | Found a staircase to the Ecumenical Temple.
  4725 | Temple   | Entered the Ecumenical Temple
  4913 | Temple   | Became a worshipper of Vehumet
  4986 | D:5      | Entered Level 5 of the Dungeon
  4991 | D:5      | Reached skill level 5 in Conjurations
  5261 | D:5      | Noticed Edmund
  5293 | D:5      | Killed Edmund
  5294 | D:5      | Reached XP level 7. HP: 30/36 MP: 0/14
  5428 | D:5      | Reached skill level 7 in Air Magic
  5894 | D:5      | Reached * piety under Vehumet
  5894 | D:5      | Offered knowledge of Sandblast by Vehumet.
  5942 | D:5      | Reached skill level 5 in Spellcasting
  5942 | D:5      | Reached XP level 8. HP: 41/41 MP: 8/16
  6303 | D:6      | Reached skill level 8 in Air Magic
  6697 | D:6      | Found Weromem's Gadget Gallery.
  6706 | D:6      | Reached skill level 9 in Air Magic
  6772 | D:6      | Noticed Pikel
  6805 | D:6      | Killed Pikel
  6806 | D:6      | Reached skill level 10 in Air Magic
  6806 | D:6      | Reached XP level 9. HP: 43/45 MP: 0/17
  7029 | D:6      | Found a hide-covered altar of Uskayaw.
  7034 | D:6      | Reached skill level 11 in Air Magic
  8097 | D:7      | Reached skill level 12 in Air Magic
  8449 | D:8      | You are sucked into a shaft and drop 2 floors!
  8449 | D:10     | Entered Level 10 of the Dungeon
  8917 | D:9      | Reached skill level 13 in Air Magic
  9328 | D:9      | Reached ** piety under Vehumet
  9344 | D:9      | Reached skill level 14 in Air Magic
  9392 | D:9      | Offered knowledge of Poisonous Vapours by Vehumet.
  9560 | D:9      | Reached XP level 10. HP: 50/50 MP: 11/18
  9618 | D:9      | Noticed a two-headed ogre
  9665 | D:8      | Reached skill level 15 in Air Magic
  9768 | D:8      | Noticed Grum
  9780 | D:8      | Killed Grum
  9781 | D:8      | Reached skill level 1 in Fighting
 10443 | D:8      | Offered knowledge of Scorch by Vehumet.
 10559 | D:8      | Noticed Maggie
 10572 | D:8      | Killed Maggie
 11332 | D:9      | Reached skill level 5 in Dodging
 11335 | D:9      | Reached *** piety under Vehumet
 11464 | D:9      | Found a staircase to the Lair.
 11771 | D:9      | Reached XP level 11. HP: 22/62 MP: 4/21
 11825 | D:9      | Offered knowledge of Iskenderun's Mystic Blast by Vehumet.
 12004 | D:9      | Found a staircase to the Orcish Mines.
 12045 | D:9      | Killed a two-headed ogre
 12046 | D:9      | Reached skill level 5 in Fighting
 12451 | D:10     | Noticed Harold
 12462 | D:10     | Killed Harold
 12645 | D:10     | Noticed Gastronok
 12717 | D:10     | Identified the +4 morningstar of Unpleasantness {distort,
                  | rF+}
 12743 | D:10     | Found a faded altar of an unknown god.
 12819 | D:10     | Noticed Snorg
 12830 | D:10     | Killed Snorg
 13185 | D:10     | Noticed Psyche
 13192 | D:10     | Killed Psyche
 13658 | D:11     | Noticed a boulder beetle
 14144 | D:11     | Noticed a two-headed ogre
 14199 | D:11     | Killed a two-headed ogre
 14295 | D:11     | Noticed a two-headed ogre
 14315 | D:11     | Killed a two-headed ogre
 15146 | D:11     | Killed a boulder beetle
 15347 | D:11     | Reached XP level 12. HP: 43/74 MP: 20/23
 15621 | D:11     | Noticed Maurice
 15627 | D:11     | Paralysed by something for 7 turns
 15648 | D:11     | Killed Maurice
 15861 | Lair:1   | Entered Level 1 of the Lair of Beasts
 15907 | Lair:1   | Reached **** piety under Vehumet
 16218 | Lair:1   | Reached skill level 10 in Dodging
 16442 | Lair:1   | Offered knowledge of Lightning Bolt by Vehumet.
 17098 | Lair:1   | Noticed a six-headed hydra
 17103 | Lair:1   | Killed a six-headed hydra
 17388 | Lair:2   | Reached skill level 10 in Conjurations
 17390 | Lair:2   | Noticed a boulder beetle
 17525 | Lair:2   | Killed a boulder beetle
 17960 | Lair:2   | Killed from afar by a rime drake

Illustrated notes

Levels and vault maps discovered:
D:1:      arrival_aquarium_a, layout_basic, minivault_19
D:2:      layout_basic, serial_shops, nicolae_shop_crystal,
          minmay_misc_feat_four_crosses
D:3:      layout_rooms
D:4:      layout_rooms, minmay_temple_entry_nine_rooms,
          kennysheep_generic_room_12
D:5:      wander_river, layout_basic, lightli_sewer_entry_pipes, uniq_edmund
D:6:      layout_basic, nicolae_uskayaw_suspiria, nicolae_shop_gadgets,
          uniq_pikel
D:7:      layout_basic
D:8:      layout_rooms, serial_aquarium, aquarium_bridge_straight
          [aquarium_subvault_bridge, aquarium_subvault_balcony,
          aquarium_subvault_bridge, aquarium_subvault_window],
          aquarium_window_1, aquarium_window_fake, aquarium_view_2b,
          aquarium_view_2a, uniq_maggie, uniq_grum
D:9:      layout_roguey, david_lair_shrubbed, erik_orc_3, minivault_1,
          minmay_crystal_room, minmay_misc_feat_more_columns, st_stairs_8,
          hangedman_misty_isle
D:10:     layout_irregular_city, serial_column_ruins,
          column_ruins_temple_circle, column_ruins_hut_ruined,
          column_ruins_grid_1, column_ruins_grid_1, column_ruins_open_small,
          column_ruins_grid_1, column_ruins_grid_1, uniq_harold, uniq_gastronok,
          uniq_snorg, uniq_psyche
D:11:     layout_loops_ring, roderic_serpentine_path, uniq_maurice
Temple:   mainiacjoe_temple_circle_huts
Lair:1:   layout_chaotic_city
Lair:2:   layout_gridlike, minmay_swamp_entry_reptiles

Skill      XL: |  1  2  3  4  5  6  7  8  9 10 11 12 |
---------------+-------------------------------------+-----
Conjurations   | 2 3 4 5 6 9 10 | 10.7
Air Magic      | 5 6 7 10 14 15 | 15.0
Spellcasting   | 3 4 5 6 7 |  7.0
Fighting       | 4 8 9 |  9.8
Dodging        | 5 9 11 | 11.0
Stealth        | |  2.0

Action                   |  1- 3 |  4- 6 |  7- 9 | 10-12 || total
-------------------------+-------+-------+-------+-------++-------
Melee: Unarmed           |    12 |     2 |       |       ||    14
       Kick              |     3 |     2 |     8 |    52 ||    65
       Peck              |     1 |     1 |     7 |    31 ||    40
       Dagger            |       |     6 |    20 |   103 ||   129
       Punch             |       |       |     3 |     3 ||     6
 Cast: Shock             |    56 |    91 |    46 |    16 ||   209
       Static Discharge  |     5 |    33 |    40 |   124 ||   202
       Airstrike         |       |       |    49 |   154 ||   203
Evoke: Wand              |       |       |     2 |     6 ||     8
  Use: Scroll            |       |     3 |     2 |     3 ||     8
 Stab: Sleeping          |       |       |     3 |     1 ||     4
Armor: Robe              |     5 |     2 |     6 |    34 ||    47
Dodge: Dodged            |    11 |    35 |    53 |   242 ||   341
